[Event "Titled Tuesday Blitz January 10 Early 2023"]
[White "Heinemann, Josefine"]
[Black "Prudnykova, Olga"]
[WhiteFideId "12900460"]
[BlackFideId "14121093"]
[WhiteElo "2289"]
[BlackElo "2268"]
[Result "1-0"]
[Round "09"]
[TimeControl "180+2"]
[Date "2023.01.10"]
[WhiteClock "0:00:06"]
[BlackClock "0:00:18"]

1. e4 c5 2. c3 Nf6 3. e5 Nd5 4. Nf3 e6 5. d4 b6 6. c4 Nc7 7. d5 d6 8. exd6 Bxd6 9. Nc3 exd5 10. cxd5 O-O 11. Be2 Bb7 12. a4 Nba6 13. O-O Nb4 14. Bg5 f6 15. Bh4 Kh8 16. Bg3 Bxg3 17. hxg3 Ncxd5 18. Qb3 Nxc3 19. bxc3 Nc6 20. Rad1 Qc8 21. Nh4 Na5 22. Qc2 Qe6 23. Rfe1 Rad8 24. Bf3 Rxd1 25. Qxd1 Qf7 26. Bxb7 Qxb7 27. Qh5 Kg8 28. Nf5 Nc6 29. f4 g6 30. Nh6+ Kg7 31. Qh4 Qd7 32. Ng4 h5 33. Nf2 Re8 34. Rd1 Qe6 35. g4 hxg4 36. Nxg4 Rh8 37. Qg3 Ne7 38. Ne3 Nf5 39. Nxf5+ Qxf5 40. Re1 Rf8 41. Qf3 Rf7 42. g3 Qc2 43. Re4 Rd7 44. Re1 Qxa4 45. Qe3 Rf7 46. Qe6 Qc2 47. Re3 Qd1+ 48. Kg2 Qd7 49. Qe4 Qb7 50. Qxb7 Rxb7 51. Kf3 Kf7 52. Rd3 b5 53. Rd6 Rc7 54. Ra6 Rb7 55. Ke3 b4 56. cxb4 cxb4 57. Kd2 b3 58. Kc1 b2+ 59. Kb1 Kg7 60. g4 g5 61. fxg5 fxg5 62. Ra5 Kf6 63. Rf5+ Kg6 64. Ra5 Kh6 65. Ra6+ Kg7 66. Ra5 Kf6 67. Rf5+ Ke6 68. Rxg5 Rb6 69. Ra5 a6 70. g5 Kf7 71. Rc5 Kg6 72. Rd5 Kh5 73. Rc5 Kg6 74. Rd5 Kf7 75. Rc5 Ke6 76. Ra5 Kd6 77. Rf5 Ke6 78. Rf6+ 1-0


[Site "https://www.chess.com"]

[Event "Titled Tuesday Blitz January 10 Early 2023"]
[White "Legenia, Artem"]
[Black "Thiel, Thomas"]
[WhiteFideId "14136945"]
[BlackFideId "4615964"]
[WhiteElo "2092"]
[BlackElo "2234"]
[Result "1-0"]
[Round "09"]
[TimeControl "180+2"]
[Date "2023.01.10"]
[WhiteClock "0:01:04"]
[BlackClock "0:00:07"]

1. d4 Nf6 2. Bg5 Ne4 3. Bf4 c5 4. dxc5 Na6 5. e3 Naxc5 6. Nd2 Nxd2 7. Qxd2 e6 8. Nf3 Ne4 9. Qd3 Qa5+ 10. c3 d5 11. Be2 f6 12. O-O e5 13. Bg3 Nxg3 14. hxg3 e4 15. Qb5+ Qxb5 16. Bxb5+ Bd7 17. Nd4 a6 18. Bxd7+ Kxd7 19. Rfd1 Rc8 20. Ne2 Kc6 21. Rac1 Bd6 22. Nd4+ Kd7 23. Nf5 g6 24. Nxd6 Kxd6 25. c4 Rc5 26. b4 Rc6 27. Rxd5+ Ke6 28. Rd4 f5 29. Kf1 Rhc8 30. Ke2 b6 31. a3 R8c7 32. f3 exf3+ 33. gxf3 h5 34. Kd3 Rd6 35. Rxd6+ Kxd6 36. Kd4 Kc6 37. e4 fxe4 38. fxe4 Rd7+ 39. Ke3 Rf7 40. Rd1 b5 41. c5 a5 42. Rd6+ Kc7 43. Rxg6 1-0


[Site "https://www.chess.com"]

[Event "Titled Tuesday Blitz January 10 Early 2023"]
[White "Papayan, Oleg"]
[Black "Schut, Han"]
[WhiteFideId "4193911"]
[BlackFideId "1005561"]
[WhiteElo "2253"]
[BlackElo "2101"]
[Result "1-0"]
[Round "09"]
[TimeControl "180+2"]
[Date "2023.01.10"]
[WhiteClock "0:00:04"]
[BlackClock "0:00:14"]

1. e4 c5 2. Nf3 d6 3. d4 cxd4 4. Qxd4 Nc6 5. Bb5 Bd7 6. Bxc6 Bxc6 7. Nc3 Nf6 8. Bg5 e6 9. O-O-O Be7 10. Rhe1 Rc8 11. Qxa7 b5 12. e5 b4 13. exf6 gxf6 14. Bd2 bxc3 15. Bxc3 Ra8 16. Qe3 Rxa2 17. Nd4 Bd5 18. Nf5 Ra1+ 19. Kd2 Rxd1+ 20. Kxd1 exf5 21. Bxf6 Be6 22. Bxh8 Qa5 23. Bc3 Qa1+ 24. Qc1 Qa8 25. f3 Kd7 26. Qf4 h6 27. Qxh6 Qd5+ 28. Qd2 Qa2 29. f4 Bh4 30. g3 Bd8 31. h4 Bb6 32. Bd4 Qb1+ 33. Ke2 Bc4+ 34. Ke3 Qxb2 35. Bxb6 Qxb6+ 36. Qd4 Qc6 37. Rd1 Be6 38. Rd2 Ke7 39. h5 d5 40. h6 Qc8 41. h7 f6 42. c4 Qh8 43. Qa7+ Kd6 44. c5+ Kc6 45. Rb2 d4+ 46. Kxd4 Qd8+ 47. Ke3 Qd5 48. Qb6+ Kd7 49. Rd2 Ke8 50. Rxd5 Bxd5 51. h8=Q+ 1-0


[Site "https://www.chess.com"]

[Event "Titled Tuesday Blitz January 10 Early 2023"]
[White "Skurikhin, Dmitrij"]
[Black "AidenRchess"]
[WhiteFideId "4161297"]
[WhiteElo "2297"]
[BlackElo "2385"]
[Result "1/2-1/2"]
[Round "09"]
[TimeControl "180+2"]
[Date "2023.01.10"]
[WhiteClock "0:02:35"]
[BlackClock "0:02:36"]

1. d4 Nf6 2. Nf3 g6 3. c4 Bg7 4. Nc3 d5 5. cxd5 Nxd5 6. e4 Nxc3 7. bxc3 c5 8. Rb1 O-O 9. Be2 cxd4 10. cxd4 Qa5+ 11. Bd2 Qxa2 12. O-O Bg4 13. Bg5 h6 14. Be3 Nc6 15. d5 Ne5 16. Rxb7 a5 17. Rxe7 a4 18. Bd4 Nxf3+ 19. Bxf3 Bxf3 20. gxf3 Bxd4 21. Qxd4 a3 1/2-1/2


[Site "https://www.chess.com"]

[Event "Titled Tuesday Blitz January 10 Early 2023"]
[White "Cardozo Munar, Carlos Eduardo"]
[Black "Forgacs, Attila Jr."]
[WhiteFideId "4409477"]
[BlackFideId "773654"]
[WhiteElo "2043"]
[BlackElo "2264"]
[Result "1-0"]
[Round "09"]
[TimeControl "180+2"]
[Date "2023.01.10"]
[WhiteClock "0:00:29"]
[BlackClock "0:00:01"]

1. d4 Nf6 2. Bg5 d5 3. Nd2 g6 4. Bxf6 exf6 5. g3 Bg7 6. Bg2 O-O 7. e3 c5 8. Ne2 c4 9. O-O Nc6 10. b3 b5 11. a4 bxa4 12. bxc4 Be6 13. cxd5 Bxd5 14. c4 Bxg2 15. Kxg2 f5 16. Qxa4 Qc7 17. Rab1 Rfb8 18. c5 Ne7 19. Rxb8+ Rxb8 20. Rb1 Rxb1 21. Nxb1 Qb7+ 22. f3 Qxb1 23. Qxa7 Qd3 24. Kf2 Bf8 25. Qd7 Qc4 26. Nf4 Qc2+ 27. Ne2 Qc4 28. Nf4 Qa2+ 29. Kg1 Qb1+ 30. Kf2 Qc2+ 31. Ne2 Qa2 32. c6 Nd5 33. c7 Nc3 34. c8=Q Qxe2+ 35. Kg1 Qxf3 36. Qxc3 Qd1+ 37. Kf2 Qh1 38. Ke2 Qg2+ 39. Kd3 Qe4+ 40. Kc4 Qg2 41. Qe8 Qf1+ 42. Kd5 Qh1+ 43. e4 Qxh2 44. Qc5 Qa2+ 45. Ke5 h5 46. Qcxf8+ Kh7 47. Qh8# 1-0


[Site "https://www.chess.com"]

[Event "Titled Tuesday Blitz January 10 Early 2023"]
[White "Gatterer, Florian"]
[Black "Johnson, Ben"]
[WhiteFideId "811688"]
[BlackFideId "2010917"]
[WhiteElo "2170"]
[BlackElo "1961"]
[Result "0-1"]
[Round "09"]
[TimeControl "180+2"]
[Date "2023.01.10"]
[WhiteClock "0:00:20"]
[BlackClock "0:00:10"]

1. d4 Nf6 2. Bg5 d5 3. e3 c5 4. Bxf6 gxf6 5. Nc3 Nc6 6. Qh5 e6 7. O-O-O cxd4 8. exd4 Bb4 9. Nge2 Bd7 10. a3 Be7 11. Nf4 f5 12. Bb5 Bf6 13. Nfxd5 exd5 14. Nxd5 O-O 15. c3 Be6 16. Nxf6+ Qxf6 17. d5 Ne5 18. dxe6 fxe6 19. Qe2 a6 20. Rhe1 Ng4 21. Bc4 Rae8 22. h3 Nh6 23. Kb1 Rf7 24. Bxe6 Kg7 25. Qe3 Rfe7 26. Qg3+ Qg6 27. Qxg6+ hxg6 28. Rd6 Nf7 29. Rb6 Ng5 30. Ka2 Nxe6 31. g3 Nc5 32. Rxe7+ Rxe7 33. Rd6 Ne4 34. Rd3 Nxf2 35. Rf3 Nxh3 36. Kb3 Ng5 37. Rf4 Ne4 38. g4 Kf6 39. gxf5 gxf5 40. Rf3 Ke5 41. Rh3 f4 42. Rh5+ Kf6 43. Rh6+ Kg5 44. Rh1 f3 45. Rg1+ Kf4 46. Rf1 f2 47. Kc2 Ke3 48. b4 Rd7 49. a4 Ke2 50. Rxf2+ Nxf2 51. Kb3 Kd3 52. a5 Rc7 53. b5 Rxc3+ 54. Kb4 Rc4+ 55. Kb3 axb5 56. a6 bxa6 57. Kb2 Rb4+ 58. Ka3 Kc3 59. Ka2 Nd3 60. Ka3 Nc5 61. Ka2 a5 62. Ka3 Ra4# 0-1


[Site "https://www.chess.com"]

[Event "Titled Tuesday Blitz January 10 Early 2023"]
[White "Matveeva, Olga"]
[Black "Mitrovic, Darko R"]
[WhiteFideId "24107018"]
[BlackFideId "927023"]
[WhiteElo "2128"]
[BlackElo "2220"]
[Result "1-0"]
[Round "09"]
[TimeControl "180+2"]
[Date "2023.01.10"]
[WhiteClock "0:00:42"]
[BlackClock "0:00:13"]

1. d4 Nf6 2. c4 e6 3. g3 Bb4+ 4. Bd2 Bxd2+ 5. Nxd2 O-O 6. Bg2 Nc6 7. Ngf3 d6 8. O-O e5 9. d5 Ne7 10. e4 c5 11. Ne1 a6 12. a4 Rb8 13. a5 b6 14. axb6 Qxb6 15. b3 Nd7 16. Nd3 f6 17. Bh3 Qc7 18. Be6+ Kh8 19. f4 exf4 20. gxf4 Nb6 21. f5 Nd7 22. Qh5 Ne5 23. Nxe5 fxe5 24. Bxc8 Qxc8 25. Rf3 Rf6 26. Qg5 Ng8 27. Rg3 Rb7 28. Rxa6 Rbf7 29. Rc6 Qf8 30. h4 g6 1-0


[Site "https://www.chess.com"]

[Event "Titled Tuesday Blitz January 10 Early 2023"]
[White "Joubert, Dantelle"]
[Black "Afanasieva, Alexandra"]
[WhiteFideId "14310813"]
[BlackFideId "34126926"]
[WhiteElo "1566"]
[BlackElo "1857"]
[Result "1-0"]
[Round "09"]
[TimeControl "180+2"]
[Date "2023.01.10"]
[WhiteClock "0:00:40"]
[BlackClock "0:00:01"]

1. d4 d5 2. c4 c6 3. Nf3 Nf6 4. Qc2 dxc4 5. Qxc4 Bf5 6. g3 e6 7. Bg2 Nbd7 8. O-O Be7 9. Nc3 O-O 10. Re1 h6 11. e4 Bh7 12. h3 Rc8 13. b4 b5 14. Qb3 Nb6 15. Bb2 Nc4 16. Rad1 Qc7 17. Bc1 a5 18. a3 Rfd8 19. Bf4 Qb7 20. Bf1 Nxa3 21. bxa5 b4 22. Na4 Bxe4 23. Ne5 Bc2 24. Qf3 Bxd1 25. Rxd1 b3 26. g4 b2 27. Nxb2 Qxb2 28. h4 Rxd4 29. g5 Rcd8 30. Rxd4 Rxd4 31. gxf6 Bxf6 32. Nxc6 Rd7 33. a6 Nc2 34. a7 Rxa7 35. Nxa7 Bd4 36. Qa8+ Kh7 37. Qe4+ g6 38. Nc6 Bxf2+ 39. Kh1 Nb4 40. Nxb4 Qb1 41. Kg2 1-0


[Site "https://www.chess.com"]

[Event "Titled Tuesday Blitz January 10 Early 2023"]
[White "Player, Edmund C"]
[Black "Ortega Amarelle, Mariano"]
[WhiteFideId "406520"]
[BlackFideId "3504301"]
[WhiteElo "2204"]
[BlackElo "2472"]
[Result "0-1"]
[Round "09"]
[TimeControl "180+2"]
[Date "2023.01.10"]
[WhiteClock "0:01:02"]
[BlackClock "0:00:13"]

1. e4 g6 2. d4 Bg7 3. Nc3 c6 4. g3 d5 5. exd5 cxd5 6. Bg2 Nf6 7. Nf3 O-O 8. O-O Nc6 9. Ne2 Bf5 10. c3 Be4 11. Bf4 h6 12. Ne5 Bxg2 13. Kxg2 Qc8 14. Qd2 g5 15. Nxc6 bxc6 16. Be5 Qf5 17. Bxf6 Bxf6 18. f3 h5 19. h3 h4 20. g4 Qg6 21. Rac1 e5 22. Qc2 Qxc2 23. Rxc2 Rfe8 24. dxe5 Bxe5 25. Nd4 c5 26. Nf5 Bf4 27. Rd1 Rad8 28. b4 cxb4 29. cxb4 Rd7 30. Rd3 f6 31. Kf2 Kf7 32. Rc5 d4 33. Rc4 Be3+ 34. Nxe3 dxe3+ 35. Ke2 Rxd3 36. Kxd3 e2 37. Rc7+ Kf8 0-1


[Site "https://www.chess.com"]

[Event "Titled Tuesday Blitz January 10 Early 2023"]
[White "Becerra, Juan David"]
[Black "Rosenberg, Evan S"]
[WhiteFideId "4404998"]
[BlackFideId "2019299"]
[WhiteElo "2382"]
[BlackElo "1956"]
[Result "1/2-1/2"]
[Round "09"]
[TimeControl "180+2"]
[Date "2023.01.10"]
[WhiteClock "0:00:15"]
[BlackClock "0:00:10"]

1. d4 d5 2. c4 e6 3. cxd5 exd5 4. Nc3 c6 5. h3 Bf5 6. Bf4 Qb6 7. Qd2 Nf6 8. a3 Nbd7 9. e3 a5 10. Nf3 a4 11. Be2 h6 12. O-O Be7 13. Ne5 Nxe5 14. Bxe5 O-O 15. g4 Bh7 16. f3 Rfe8 17. Bd1 Nd7 18. Bg3 Bg5 19. f4 Bf6 20. Nxa4 Qa7 21. Bf2 b5 22. Nc3 Nb6 23. Bb3 Nc4 24. Bxc4 bxc4 25. f5 g6 26. e4 dxe4 27. fxg6 Bxg6 28. Be3 Bg7 29. d5 Qb8 30. Kg2 cxd5 31. Nxd5 Qxb2 32. Qxb2 Bxb2 33. Ra2 Be5 34. a4 Kg7 35. a5 Red8 36. Nb6 Ra6 37. Nxc4 Bd4 38. Rd1 Bf6 39. Rxd8 Bxd8 40. Bb6 Bxb6 41. Nxb6 f5 42. Kg3 fxg4 43. hxg4 e3 44. Kf3 h5 45. g5 h4 46. Kxe3 h3 47. Nc4 Bf7 48. Kd4 h2 49. Rxh2 Bxc4 50. Kxc4 Rxa5 51. Rg2 Kg6 52. Kb4 Rxg5 53. Rxg5+ Kxg5 1/2-1/2


[Site "https://www.chess.com"]

[Event "Titled Tuesday Blitz January 10 Early 2023"]
[White "Zanette, Edgard Vinicius"]
[Black "Melikhov, Evgeny V."]
[WhiteFideId "2109263"]
[BlackFideId "4122046"]
[WhiteElo "2085"]
[BlackElo "2269"]
[Result "1-0"]
[Round "09"]
[TimeControl "180+2"]
[Date "2023.01.10"]
[WhiteClock "0:00:10"]
[BlackClock "0:00:01"]

1. e4 c5 2. Nc3 Nc6 3. f4 g6 4. Nf3 Bg7 5. Bb5 Nd4 6. O-O Nxb5 7. Nxb5 d6 8. a4 a6 9. Nc3 b6 10. d3 Bb7 11. Qe1 e6 12. f5 Ne7 13. fxe6 O-O 14. exf7+ Rxf7 15. Ng5 Rxf1+ 16. Qxf1 Qf8 17. Qxf8+ Bxf8 18. Bf4 d5 19. exd5 Nxd5 20. Nxd5 Bxd5 21. Re1 Bg7 22. b3 Bd4+ 23. Kh1 Rf8 24. Nh3 b5 25. axb5 axb5 26. Bd6 Rf6 27. Bg3 Ra6 28. Nf4 Bf7 29. h4 Ra2 30. Re2 Ra1+ 31. Kh2 Rc1 32. Bf2 Kg7 33. Bxd4+ cxd4 34. g4 h6 35. g5 hxg5 36. hxg5 b4 37. Kg3 Kf8 38. Kf3 Be8 39. Ke4 Rf1 40. Ke5 Ke7 41. Kxd4+ Kd6 42. Nd5 Bc6 43. Ne7 Rf4+ 44. Ke3 Rf3+ 45. Kd4 Bb7 46. Nxg6 Rg3 47. Ne5 Bc8 48. g6 Be6 49. Rf2 Rg5 50. Nc4+ Ke7 51. Re2 Rxg6 52. Kc5 Kd7 53. Kxb4 Rg4 54. Kc3 Bd5 55. b4 Bb7 56. Ne5+ Kd6 57. Nxg4 Bf3 58. Re3 Bxg4 59. b5 Kc5 60. Re4 Bf3 61. Rb4 Kb6 62. Kd4 Bg2 63. Rb2 Bf3 64. c4 Bg2 65. c5+ Kc7 66. Ke5 Bf3 67. c6 Kb6 68. d4 1-0


[Site "https://www.chess.com"]

[Event "Titled Tuesday Blitz January 10 Early 2023"]
[White "Rian, Kapriaga"]
[Black "Blokhin, Sofia"]
[WhiteFideId "7103263"]
[BlackFideId "4508190"]
[WhiteElo "2089"]
[BlackElo "2062"]
[Result "1-0"]
[Round "09"]
[TimeControl "180+2"]
[Date "2023.01.10"]
[WhiteClock "0:01:19"]
[BlackClock "0:01:07"]

1. d4 Nf6 2. Nf3 g6 3. Bf4 Bg7 4. e3 d6 5. h3 O-O 6. Be2 Nc6 7. O-O Re8 8. Bh2 Bd7 9. c4 e5 10. Nc3 exd4 11. exd4 Ne7 12. a3 Nf5 13. b4 b6 14. Rc1 Bc6 15. Re1 a5 16. c5 axb4 17. axb4 bxc5 18. dxc5 dxc5 19. Qxd8 Rexd8 20. bxc5 Rd7 21. Ne5 Nd4 22. Nxd7 Nxd7 23. Bxc7 Ra3 24. Bf1 Nxc5 25. Nb1 Bf8 26. Nxa3 1-0


[Site "https://www.chess.com"]

[Event "Titled Tuesday Blitz January 10 Early 2023"]
[White "Ciuffoletti, Paolo"]
[Black "Nugumanov, Bakhtiyar"]
[WhiteFideId "807630"]
[BlackFideId "13701797"]
[WhiteElo "2106"]
[BlackElo "2316"]
[Result "1-0"]
[Round "09"]
[TimeControl "180+2"]
[Date "2023.01.10"]
[WhiteClock "0:01:27"]
[BlackClock "0:01:40"]

1. e4 d6 2. d4 Nf6 3. Nc3 e5 4. dxe5 dxe5 5. Qxd8+ Kxd8 6. Bg5 Be7 7. O-O-O+ Ke8 8. f4 exf4 9. e5 Ng4 10. Bxe7 Kxe7 11. Nd5+ Kd8 12. Rd2 Bd7 13. Nf3 c6 14. Nxf4 Kc7 15. Bc4 b5 16. Bxf7 Rf8 17. e6 Nh6 18. exd7 Nxd7 19. Ne6+ 1-0


[Site "https://www.chess.com"]

[Event "Titled Tuesday Blitz January 10 Early 2023"]
[White "Hartikainen, Jarmo"]
[Black "Sargissyan, Sargis"]
[WhiteFideId "503134"]
[BlackFideId "13303210"]
[WhiteElo "2108"]
[BlackElo "2234"]
[Result "0-1"]
[Round "09"]
[TimeControl "180+2"]
[Date "2023.01.10"]
[WhiteClock "0:00:13"]
[BlackClock "0:01:10"]

1. d3 d6 2. g3 g6 3. Bg2 Bg7 4. Nf3 e5 5. O-O Ne7 6. c4 O-O 7. Nc3 f5 8. Rb1 h6 9. Qc2 c6 10. e4 f4 11. b4 Bg4 12. Bb2 Nd7 13. a4 g5 14. b5 Nf6 15. bxc6 bxc6 16. Ba3 c5 17. Nd5 Nc6 18. Bb2 Rb8 19. Ba1 Nxd5 20. cxd5 Nb4 21. Qd2 Qd7 22. Bc3 a5 23. Rfe1 fxg3 0-1


[Site "https://www.chess.com"]

[Event "Titled Tuesday Blitz January 10 Early 2023"]
[White "Ovezdurdyyeva, Jemal"]
[Black "Lauridsen, Jesper Morch"]
[WhiteFideId "14001888"]
[BlackFideId "1401890"]
[WhiteElo "2078"]
[BlackElo "2309"]
[Result "0-1"]
[Round "09"]
[TimeControl "180+2"]
[Date "2023.01.10"]
[WhiteClock "0:01:15"]
[BlackClock "0:00:28"]

1. e4 c5 2. Nf3 Nc6 3. c3 Nf6 4. Bd3 d6 5. O-O Bg4 6. Bc2 Ne5 7. d4 Nxf3+ 8. gxf3 Bh3 9. Re1 e5 10. f4 Bg4 11. Qd3 Be7 12. fxe5 dxe5 13. dxe5 Nd7 14. Qg3 h5 15. Bb3 Bh4 16. Qf4 Qe7 17. e6 fxe6 18. Qe3 O-O 19. Rf1 Rf3 20. Qe1 Qf6 21. Nd2 Qg6 22. Kh1 Ne5 23. Nc4 Nxc4 24. Bxc4 Raf8 25. Be3 Rxe3 26. Qxe3 Bf3+ 27. Qxf3 Rxf3 28. Rg1 Qf6 0-1


[Site "https://www.chess.com"]

[Event "Titled Tuesday Blitz January 10 Early 2023"]
[White "Ghosh, Chanchal Kumer"]
[Black "Degtiarev, Evgeny"]
[WhiteFideId "10201858"]
[BlackFideId "4149610"]
[WhiteElo "2020"]
[BlackElo "2385"]
[Result "1-0"]
[Round "09"]
[TimeControl "180+2"]
[Date "2023.01.10"]
[WhiteClock "0:00:14"]
[BlackClock "0:00:08"]

1. e4 e5 2. Nf3 Nc6 3. Bc4 Bc5 4. c3 Nf6 5. d4 exd4 6. cxd4 Bb4+ 7. Nc3 Nxe4 8. O-O Bxc3 9. d5 Ne5 10. bxc3 Nxc4 11. Qe2 Nd6 12. Ng5 f5 13. f3 O-O 14. fxe4 Nxe4 15. Nxe4 fxe4 16. Rxf8+ Qxf8 17. Qxe4 d6 18. Be3 Bf5 19. Qc4 Qe7 20. Re1 Qd7 21. Bd4 Bg6 22. Qb3 b6 23. c4 Re8 24. Re3 Qg4 25. Rxe8+ Bxe8 26. Qe3 Bg6 27. h3 Qe4 28. Qf2 Bf7 29. Kh2 a5 30. a3 a4 31. Bb2 Qxc4 32. Qg3 g6 33. Qg5 1-0


[Site "https://www.chess.com"]

[Event "Titled Tuesday Blitz January 10 Early 2023"]
[White "Petrova, Irina"]
[Black "Clawitter, Craig"]
[WhiteFideId "14124122"]
[BlackFideId "2023105"]
[WhiteElo "2108"]
[BlackElo "2050"]
[Result "1-0"]
[Round "09"]
[TimeControl "180+2"]
[Date "2023.01.10"]
[WhiteClock "0:01:24"]
[BlackClock "0:00:02"]

1. e4 e6 2. d4 d5 3. Nc3 Bb4 4. Ne2 dxe4 5. a3 Be7 6. g4 c5 7. Nxe4 cxd4 8. Qxd4 Qxd4 9. Nxd4 Nf6 10. Nxf6+ Bxf6 11. Be3 Bd7 12. O-O-O Nc6 13. Bg2 Bxd4 14. Bxd4 Nxd4 15. Rxd4 O-O-O 16. Rhd1 Bc6 17. Bxc6 bxc6 18. Ra4 Rxd1+ 19. Kxd1 Rd8+ 20. Ke2 Kb7 21. Rb4+ Kc7 22. Rf4 f6 23. h4 Rd5 24. Ra4 Kb6 25. Re4 e5 26. c4 Rd4 27. f3 Rxe4+ 28. fxe4 Kc5 29. Kd3 a5 30. b3 g6 31. Kc3 Kd6 32. b4 axb4+ 33. axb4 Kc7 34. b5 Kb6 35. Kb4 cxb5 36. cxb5 1-0


[Site "https://www.chess.com"]

[Event "Titled Tuesday Blitz January 10 Early 2023"]
[White "Levine, David"]
[Black "Broca Jimenez, Fernando"]
[WhiteFideId "2011611"]
[BlackFideId "5104742"]
[WhiteElo "2040"]
[BlackElo "2075"]
[Result "1-0"]
[Round "09"]
[TimeControl "180+2"]
[Date "2023.01.10"]
[WhiteClock "0:00:01"]
[BlackClock "0:00:01"]

1. d4 Nf6 2. c4 e6 3. g3 Bb4+ 4. Bd2 Qe7 5. Bg2 O-O 6. Nf3 d5 7. Qc2 b6 8. O-O Bb7 9. Ne5 Nfd7 10. Bxb4 Qxb4 11. Nd3 Qe7 12. Nc3 c6 13. cxd5 cxd5 14. Rac1 Rc8 15. Qd2 Nc6 16. e3 Nb4 17. Rfd1 Nxd3 18. Qxd3 Qb4 19. Rc2 Rc7 20. Rdc1 Rac8 21. h4 Qa5 22. Qe2 Ba6 23. Qg4 Bd3 24. Rd2 Nf6 25. Qd1 Be4 26. f3 Bg6 27. g4 h5 28. g5 Nd7 29. e4 dxe4 30. fxe4 Nb8 31. d5 exd5 32. exd5 Nd7 33. d6 Rc5 34. a3 Rc4 35. Qe1 Qc5+ 36. Kh1 Qe5 37. Re2 Qf4 38. Re8+ Rxe8 39. Qxe8+ Kh7 40. Rf1 Qxh4+ 41. Kg1 Qg4 42. Nd5 Be4 43. Ne3 Qh4 44. g6+ fxg6 45. Qxd7 1-0


[Site "https://www.chess.com"]

[Event "Titled Tuesday Blitz January 10 Early 2023"]
[White "Muzzi, Eduardo"]
[Black "Guimaraes, Wagner Peixoto"]
[WhiteFideId "3001253"]
[BlackFideId "2100940"]
[WhiteElo "1917"]
[BlackElo "2194"]
[Result "0-1"]
[Round "09"]
[TimeControl "180+2"]
[Date "2023.01.10"]
[WhiteClock "0:00:01"]
[BlackClock "0:00:22"]

1. e4 c5 2. Nc3 e6 3. Bc4 Nc6 4. f4 d6 5. Nf3 a6 6. a4 b6 7. O-O Bb7 8. d3 Nf6 9. Qe1 Qc7 10. f5 e5 11. Bg5 Nb4 12. Bb3 Be7 13. Kh1 h6 14. Bh4 O-O-O 15. Qd2 Rdf8 16. Ne2 d5 17. c3 dxe4 18. cxb4 exf3 19. Rxf3 Bxf3 20. gxf3 Qc6 21. Qe3 Ng4 22. Qe4 Qxe4 23. dxe4 Bxh4 24. fxg4 cxb4 25. Rc1+ Kb8 26. Rc6 Bd8 27. Bd5 Bc7 28. a5 bxa5 29. Rxa6 Kc8 30. Nc1 Rd8 31. Nb3 Rxd5 32. exd5 Rd8 33. Ra8+ Kb7 34. Rxd8 Bxd8 35. Nc5+ Ka7 36. b3 Kb6 0-1


[Site "https://www.chess.com"]

[Event "Titled Tuesday Blitz January 10 Early 2023"]
[White "Lutz, Igor Oscar"]
[Black "Vaglio Munoz, Jaime"]
[WhiteFideId "2110806"]
[BlackFideId "6500145"]
[WhiteElo "1969"]
[BlackElo "2174"]
[Result "0-1"]
[Round "09"]
[TimeControl "180+2"]
[Date "2023.01.10"]
[WhiteClock "0:00:01"]
[BlackClock "0:00:52"]

1. d4 c6 2. c4 b5 3. e4 bxc4 4. Bxc4 d5 5. exd5 cxd5 6. Bb3 e6 7. Nf3 Ba6 8. Nc3 Bd6 9. Ba4+ Nd7 10. Bb5 Qa5 11. Bxa6 Qxa6 12. Qe2 Qxe2+ 13. Nxe2 Rc8 14. Nc3 Bb4 15. Bd2 Nb6 16. O-O Nc4 17. Bc1 Nf6 18. a3 Nxa3 19. bxa3 Bxc3 20. Rb1 O-O 21. Bg5 Ne4 22. Be7 Rfe8 23. Bb4 a5 24. Bxc3 Rxc3 25. Rfc1 Rxa3 26. Rb7 h6 27. Ne5 Nc3 28. Kf1 f6 29. Ng6 Kh7 30. Nf4 e5 31. dxe5 fxe5 32. Nh5 Kg6 33. g4 Rg8 34. Re1 e4 35. Rd7 Kg5 36. h3 Kh4 37. Kg2 g6 38. Ng7 Rxg7 39. Rxg7 Kg5 40. Rd7 Ra2 41. Kg3 h5 42. h4+ Kf6 43. g5+ Ke6 44. Rc7 Ne2+ 45. Kh2 Nf4 46. Rc6+ Kf5 47. Kg3 Ra3+ 48. Kh2 Rf3 49. Rf6+ Kg4 50. Rg1+ Kxh4 51. Rg3 Rxf2+ 52. Kg1 Kxg3 53. Rxg6 Rd2 0-1


[Site "https://www.chess.com"]

[Event "Titled Tuesday Blitz January 10 Early 2023"]
[White "Vifleemskaia, Svetlana"]
[Black "Guevara Sanchez, Erick Marvin"]
[WhiteFideId "4129490"]
[BlackFideId "6700136"]
[WhiteElo "1971"]
[BlackElo "2073"]
[Result "1-0"]
[Round "09"]
[TimeControl "180+2"]
[Date "2023.01.10"]
[WhiteClock "0:00:22"]
[BlackClock "0:00:07"]

1. d4 e5 2. dxe5 Nc6 3. Nf3 Qe7 4. e4 Nxe5 5. Be2 Nxf3+ 6. Bxf3 Nf6 7. O-O d6 8. Bg5 Be6 9. c3 h6 10. Be3 Nd7 11. Qa4 g5 12. Bd4 Rg8 13. Be2 c6 14. Nd2 g4 15. b4 h5 16. Bc4 h4 17. Bxe6 fxe6 18. e5 d5 19. Qc2 Bh6 20. Be3 Bxe3 21. fxe3 Nxe5 22. Rf4 h3 23. g3 O-O-O 24. Raf1 Rdf8 25. a4 Rxf4 26. exf4 Nd7 27. a5 Qd6 28. Qh7 Rf8 29. Qg7 Nf6 30. Rd1 Qd8 31. Re1 Rg8 32. Qf7 Ne4 33. Qxe6+ Kb8 34. Nxe4 dxe4 35. Qxe4 Qd2 36. Qe5+ Kc8 37. Qe6+ Kc7 38. Qe7+ Kb8 39. Qe5+ Kc8 40. Qe2 Qxc3 41. Rd1 Rd8 42. Qe6+ Kc7 43. Qe7+ Rd7 44. Qxd7+ Kb8 45. Qd8# 1-0


[Site "https://www.chess.com"]

[Event "Titled Tuesday Blitz January 10 Early 2023"]
[White "Bashirli, Saadat"]
[Black "Tuleyeva-Aketayeva, Dana"]
[WhiteFideId "13429990"]
[BlackFideId "13701932"]
[WhiteElo "1571"]
[BlackElo "2130"]
[Result "0-1"]
[Round "09"]
[TimeControl "180+2"]
[Date "2023.01.10"]
[WhiteClock "0:00:02"]
[BlackClock "0:00:02"]

1. d4 e6 2. c4 Nf6 3. Nc3 b6 4. e4 Bb4 5. Bd3 Bb7 6. Qe2 d5 7. exd5 O-O 8. Nf3 exd5 9. cxd5 Nxd5 10. O-O Nxc3 11. bxc3 Bxc3 12. Bxh7+ Kh8 13. Ng5 Nd7 14. Qh5 Nf6 15. Qh3 g6 16. Qxc3 Qd5 17. Qh3 Kg7 18. Bxg6 Rh8 19. Qg3 fxg6 20. Qxc7+ Qd7 21. Qxd7+ Nxd7 22. Bb2 Bd5 23. Rfe1 Rae8 24. a3 Kf6 25. Nf3 g5 26. Ne5 Nxe5 27. dxe5+ Ke6 28. Rac1 Rc8 29. Bd4 Rhf8 30. Rxc8 Rxc8 31. Be3 Kf5 32. Bd4 Be6 33. f3 Rc4 34. Bf2 Rc2 35. Ra1 Bd5 36. h3 Kxe5 37. Re1+ Kf5 38. Ra1 Bc6 39. a4 a6 40. a5 b5 41. Bb6 Bd7 42. Rd1 Be6 43. Rd8 b4 44. Rd4 b3 45. Rb4 b2 46. Kh2 Bd5 47. Kg3 Bc6 48. Be3 Bd5 49. Rb6 Ba2 0-1


[Site "https://www.chess.com"]

[Event "Titled Tuesday Blitz January 10 Early 2023"]
[White "De Souza, Cristiano Gomes"]
[Black "Mohammadian, Mohammad"]
[WhiteFideId "2151758"]
[BlackFideId "12566055"]
[WhiteElo "2018"]
[BlackElo "1398"]
[Result "1-0"]
[Round "09"]
[TimeControl "180+2"]
[Date "2023.01.10"]
[WhiteClock "0:01:38"]
[BlackClock "0:00:06"]

1. d4 Nf6 2. c4 g6 3. Nc3 d5 4. Bf4 Bg7 5. e3 O-O 6. Nf3 c6 7. Rc1 e6 8. h3 Nbd7 9. Ne5 Nxe5 10. Bxe5 Nd7 11. Bxg7 Kxg7 12. Be2 Nf6 13. O-O Re8 14. f3 e5 15. Qd2 e4 16. f4 Be6 17. cxd5 cxd5 18. Nb5 Re7 19. Qb4 a6 20. Na3 Rc7 21. Rc3 Rac8 22. Rfc1 Rxc3 23. Rxc3 Rxc3 24. Qxc3 Qd7 25. g4 Qd8 26. Qc5 Nd7 27. Qd6 Nf8 28. Qxd8 h6 29. Qc7 Nh7 30. Qxb7 1-0


[Site "https://www.chess.com"]